 Dungeon Crawl Stone Soup version 0.30-a0-1112-gfb780f5df6 (webtiles) character file.

Game seed: 17049433972391390931

63 dialectric the Sneak (level 4, 0/37 HPs)
             Began as a Meteoran Brigand on Apr 19, 2023.
             Killed from afar by Sigmund (13 damage)
             ... with a bolt of dispelling energy
             ... on level 2 of the Dungeon.
             The game lasted 00:01:24 (663 turns).

dialectric the Sneak (Meteoran Brigand)              Turns: 663, Time: 00:01:25

Health: 0/37       AC:  3    Str: 13    XL:     4   Next: 56%
Magic:  5/5        EV: 12    Int: 12    God:
Gold:   59         SH:  0    Dex: 17    Spells: 3/3 levels left

rFire   . . .      SeeInvis .    a - +2 dagger
rCold   . . .      Faith    .    (no shield)
rNeg    . . .      Spirit   .    b - +0 robe
rPois   .          Reflect  .    (no helmet)
rElec   .          Rampage  .    c - +0 cloak
rCorr   .                        (no gloves)
Will    .....                    (no boots)
Stlth   +                        (no amulet)
HPRegen 0.26/turn                (no ring)
MPRegen 0.09/turn                (no ring)

@: glowing
A: sense surroundings 1, otherworldly, glowing, explore regen
a: no special abilities


You were on level 2 of the Dungeon.
You visited 1 branch of the dungeon, and saw 2 of its levels.

You collected 59 gold pieces.

Inventory:

Hand Weapons
 a - a +2 dagger (weapon)
Missiles
 d - 9 poisoned darts (quivered)
Armour
 b - a +0 robe (worn)
 c - a +0 cloak (worn)
Scrolls
 g - 2 scrolls of enchant weapon {unknown}
 h - a scroll of identify {unknown}
 i - a scroll of teleportation {unknown}
Potions
 f - a potion of curing {unknown}


   Skills:
 + Level 2.4 Fighting
 + Level 2.5 Short Blades
 + Level 2.6 Throwing
 + Level 1.6 Dodging
 * Level 4.0 Stealth


You had 3 spell levels left.
You didn't know any spells.
Your spell library was empty.

Dungeon Overview and Level Annotations

Branches:
Dungeon (2/15) Zot: 547

Altars:

Shops:
D:1 [?(

Annotations:
D:2 Sigmund


Innate Abilities, Weirdness & Mutations

You passively map a small area around you.
You are easily found by Zot.
You glow in the dark.
You regain HP and MP as you explore.


Message History

Aim: Sigmund, wielding a +0 scythe, wearing a +0 robe and carrying a wand of quicksilver (1) (lightly wounded, very poisoned, slow, 58% to hit)
You throw a curare-tipped dart. The curare-tipped dart hits Sigmund.
Sigmund looks as sick as possible!
Sigmund convulses.
Sigmund seems to be slow for longer.
Sigmund is moderately wounded.
The hobgoblin closely misses you.
Unknown command.
Throw: dart (curare)
Press: ? - help, Q - select action, (/) - cycle Shift-Dir - straight line, f/p - Sigmund
Aim: Sigmund, wielding a +0 scythe, wearing a +0 robe and carrying a wand of quicksilver (1) (heavily wounded, extremely poisoned, slow, 58% to hit)
You throw a curare-tipped dart. The curare-tipped dart hits the rat.
The rat is poisoned.
The rat convulses.
You kill the rat!
The hobgoblin hits you but does no damage.
Unknown command.
You are too injured to fight recklessly!
You are too injured to fight recklessly!
Unknown command.
You are too injured to fight recklessly!
You are too injured to fight recklessly!
Unknown command.
You hit the hobgoblin.
The hobgoblin is moderately wounded.
The hobgoblin hits you.
You barely miss the hobgoblin.
The hobgoblin is moderately wounded.
You hit the hobgoblin but do no damage.
The hobgoblin is moderately wounded.
The hobgoblin misses you. Sigmund barely misses you.
You barely miss the hobgoblin.
The hobgoblin is moderately wounded.
The hobgoblin hits you.
You hit the hobgoblin.
The hobgoblin is almost dead.
The hobgoblin closely misses you.
Sigmund zaps a wand.
The bolt of dispelling energy hits the endoplasm!
The endoplasm dies!
The bolt of dispelling energy hits you!
You die...

#.......#..####.#.
##.......<## #.#.
#.......### #...
#........# #..#
#........# ....
##.....#..# ##..
######...##....
,..
#...?....#....##,
#...@........... ,
, #...g(.)..###...
#.....@..## *
#........#* *
#.......(# ,
###......(.
#......... *
#......... , * , *


You could see Sigmund (very poisoned, slow) and a hobgoblin.

Vanquished Creatures
  4 adders (D:2)
  A dart slug (D:1)
  A ball python (D:1)
  5 endoplasms (D:1)
  2 giant cockroaches (D:1)
  2 goblins
  A hobgoblin (D:1)
  A quokka (D:1)
  2 bats
  5 kobolds
  2 rats
26 creatures vanquished.

Vanquished Creatures (others)
  An endoplasm (D:2)
  A hobgoblin (D:2)
2 creatures vanquished.

Grand Total: 28 creatures vanquished

Notes
Turn   | Place    | Note
-------+----------+-------------------------------------------
     0 | D:1      | dialectric the Meteoran Brigand began the quest for the
                  | Orb.
     0 | D:1      | Reached XP level 1. HP: 17/17 MP: 2/2
    16 | D:1      | Reached skill level 3 in Stealth
    36 | D:1      | Reached XP level 2. HP: 17/25 MP: 3/3
   150 | D:1      | Found Muoril's Antique Armour Shoppe.
   192 | D:1      | Found Tazab's Magic Scroll Shoppe.
   225 | D:1      | Found Zesoschodweh's Weapon Emporium.
   278 | D:1      | Reached XP level 3. HP: 30/30 MP: 4/4
   506 | D:1      | Glimpsed the power of Zot.
   607 | D:2      | Reached XP level 4. HP: 31/37 MP: 5/5
   653 | D:2      | Noticed Sigmund
   656 | D:2      | Reached skill level 4 in Stealth
   663 | D:2      | Killed from afar by Sigmund

Illustrated notes

Levels and vault maps discovered:
D:1:      wander_arrival_fairy_ring, layout_basic, serial_shops,
          nicolae_shop_tiny_waterfront, nicolae_shop_behind_doors,
          nicolae_shop_crystal
D:2:      layout_rooms, hangedman_glass_teeth, uniq_sigmund

Skill      XL: |  1  2  3  4 |
---------------+-------------+-----
Stealth        | 3 4 |  4.0
Fighting       | |  2.4
Short Blades   | |  2.5
Throwing       | |  2.6
Dodging        | |  1.6

Action                     |  1- 3 |  4- 6 || total
---------------------------+-------+-------++-------
  Melee: Dagger            |    77 |    24 ||   101
         Punch             |     1 |       ||     1
  Throw: Dart              |       |     3 ||     3
 Armour: Robe              |    29 |     8 ||    37
  Dodge: Dodged            |    45 |    13 ||    58

Table legend: (Time is in decaauts)
 A = Elapsed time spent in this place.
 B = Non-inter-level travel time spent in this place.
 C = Inter-level travel time spent in this place.
 D = Time resting spent in this place.
 E = Time spent auto-exploring this place.
 F = Levels seen in this place.
 G = Mean time per level.
                   A        B        C        D        E       F      G
               +--------+--------+--------+--------+--------+-----+--------+
         Total |    651 |    622 |     29 |      0 |    432 |   2 |  325.5 |
       Dungeon |    651 |    622 |     29 |      0 |    432 |   2 |  325.5 |
               +--------+--------+--------+--------+--------+-----+--------+

Top non-repeatable levels by time:
     D:1: 529 daAuts
     D:2: 121 daAuts
